 Dungeon Crawl Stone Soup version 0.29-a0-870-g2c972031a6 (webtiles) character file.

Game seed: 1835846823760813680

2651 HoaS the Skirmisher (level 9, -2/72 HPs)
             Began as a Gargoyle Hunter on July 16, 2022.
             Was a Believer of Okawaru.
             Slain by a human
             ... wielding a +1 vorpal hand axe
              (3 damage)
             ... in a bailey on July 17, 2022.
             The game lasted 00:15:05 (6646 turns).

HoaS the Skirmisher (Gargoyle Hunter)               Turns: 6646, Time: 00:15:05

Health: -2/72      AC: 28    Str: 15    XL:     9   Next: 62%
Magic:  0/9        EV:  2    Int: 10    God:    Okawaru [**....]
Gold:   707        SH:  0    Dex: 17    Spells: 8/8 levels left

rFire   . . .      SeeInvis +   (no weapon)
rCold   . . .      Faith    .   (no shield)
rNeg    + . .      Spirit   +   (body armour currently unavailable)
rPois   ∞          Reflect  .   (helmet currently unavailable)
rElec   .          Harm     .   (cloak currently unavailable)
rCorr   .          Rampage  .   (gloves currently unavailable)
Will    +....      NoTele   +   (boots currently unavailable)
Stlth   ++........              i - amulet of guardian spirit
HPRegen 0.22/turn               t - +4 ring of protection
MPRegen 0.11/turn               w - ring of Ethics {Will+ SInv}

@: tree-form, invisible
A: stationary, stasis, torment immunity, boosted hp, sickness immunity, AC +6,
negative energy resistance 1, (electricity resistance), torment resistance 1,
petrification resistance
a: Renounce Religion, Heroism


You were in a bailey.
You worshipped Okawaru.
Okawaru was pleased with you.
You were a tree.
You visited 2 branches of the dungeon, and saw 8 of its levels.
You also visited: Ossuary and Bailey.

You collected 707 gold pieces.

Inventory:

Hand Weapons
 o - a +4 vorpal shortbow
Missiles
 u - a throwing net
Armour
 c - a +0 leather armour (melded)
 l - a +0 plate armour
 p - a +0 helmet (melded)
Jewellery
 i - an amulet of guardian spirit (around neck)
 t - a +4 ring of protection (left branch)
 w - the ring of Ethics (right branch) {Will+ SInv}
   (You found it on level 6 of the Dungeon)

   [ring of see invisible]

   SInv:      It lets you see invisible.
   Will:      It increases your willpower.
Scrolls
 b - 2 scrolls of immolation
 d - 7 scrolls of teleportation
 m - a scroll of blinking
Potions
 e - 2 potions of curing
 f - 2 potions of lignification
 h - 4 potions of invisibility
 k - a potion of might
 n - a potion of ambrosia
 q - 4 potions of flight
 s - a potion of attraction
 v - a potion of berserk rage


   Skills:
 - Level 2.1 Fighting
 * Level 13.3 Ranged Weapons
 - Level 1.5 Dodging
 - Level 1.1 Stealth


You had 8 spell levels left.
You didn't know any spells.
Your spell library contained the following spells:

 Spells                   Type           Power      Damage    Failure   Level
 Confusing Touch          Hex            0%         N/A       75%         3
 Ozocubu's Armour         Ice            0%         N/A       75%         3
 Yara's Violent Unravell  Hex/Tmut       0%         3d3       100%        5
 Enfeeble                 Hex            0%         N/A       100%        7
 Ozocubu's Refrigeration  Ice            0%         4d5       100%        7


Dungeon Overview and Level Annotations

Branches:
Dungeon (7/15)             Temple (1/1) D:4         Ossuary (visited)
 Bailey (1/1)

Altars:
Ashenzari
Dithmenos
Elyvilon
Gozag
Hepliaklqana
Kikubaaqudgha
Okawaru
Trog
Uskayaw
Vehumet
Wu Jian
Yredelemnul
Zin
The Shining One


Innate Abilities, Weirdness & Mutations

You are a tree.
Your roots penetrate the ground, keeping you stationary.
You cannot be teleported.
You are immune to unholy pain and torment.
Your maximum health is greatly increased.
Your equipment is partially melded.
You are immune to sickness and miasma.
((Your stone body is resilient. (AC +6)))
You are immune to poison.
You resist negative energy. (rN+)
((You are resistant to electric shocks. (rElec)))
You are resistant to unholy torment.
You are immune to petrification.


Message History

You hit the human.
The human is severely wounded.
The human hits you but does no damage. The human hits you with a +0 war axe!
You hit the human but do no damage.
The human is severely wounded.
The human hits you but does no damage. The human hits you with a +0 war axe!
* * * LOW HITPOINT WARNING * * *
You hit the human.
The human is severely wounded.
The human hits you but does no damage. x2
You hit the human.
The human is almost dead.
The human hits you with a +1 vorpal hand axe.
* * * LOW HITPOINT WARNING * * *
x2 The human hits you with a +0 war axe.
* * * LOW HITPOINT WARNING * * *
You hit the human.
The human is almost dead.
The human barely misses you. The human hits you but does no damage.
You barely miss the human.
The human is almost dead.
The human hits you but does no damage. x2
You fade into invisibility!
The human hits you with a +1 vorpal hand axe.
* * * LOW HITPOINT WARNING * * *
x2 The human hits you but does no damage.
You feel better.
The human hits you with a +1 vorpal hand axe.
* * * LOW HITPOINT WARNING * * *
x2 The human hits you with a +0 war axe.
* * * LOW HITPOINT WARNING * * *
You hit the human but do no damage.
The human is almost dead.
The human hits you with a +1 vorpal hand axe.
* * * LOW HITPOINT WARNING * * *
x2 The human hits you but does no damage.
You hit the human but do no damage.
The human is almost dead.
The human hits you with a +1 vorpal hand axe.
You die...

#####
##...##
#.....#
#.p.∩.#
#♣)...#
##p..##
#'#+#
.)#
...#
#...#
#...#
#..##
#..


You could see 2 humans.

Vanquished Creatures
  2 humans (Bailey)
  A black bear (D:6)
  A hornet zombie (D:6)
  An ice beast (D:6)
  An ogre (D:5)
  A phantom (D:4)
  A centaur (D:7)
  A kobold brigand (D:6)
  4 necrophages
  A bullfrog (D:6)
  A wyvern zombie (D:6)
  2 scorpions (D:5)
  2 wights (D:6)
  6 killer bees (D:7)
  2 howler monkeys
  2 centaur zombies
  A bullfrog zombie (D:6)
  A human zombie (D:6)
  A gnoll bouda (D:5)
  3 orc priests
  A hound (D:3)
  2 jellies
  3 iguanas (D:5)
  2 orc wizards
  9 mummies
  4 gnolls
  12 adders
  A shadow imp (D:6)
  An ufetubus (D:4)
  2 worms
  3 dart slugs (D:1)
  11 orcs
  5 ball pythons
  10 bats
  10 endoplasms
  2 giant cockroaches
  A gnoll zombie (Ossuary)
  7 goblins
  6 hobgoblins
  2 jackals (D:1)
  7 quokkas
  3 frilled lizards
  2 hobgoblin zombies (Ossuary)
  11 kobolds
  3 kobold zombies (Ossuary)
  An orc zombie (Ossuary)
  3 rats
159 creatures vanquished.

Notes
Turn   | Place    | Note
-------+----------+-------------------------------------------
     0 | D:1      | HoaS the Gargoyle Hunter began the quest for the Orb.
     0 | D:1      | Reached XP level 1. HP: 12/12 MP: 1/1
    55 | D:1      | Reached XP level 2. HP: 13/17 MP: 2/2
   361 | D:1      | Reached XP level 3. HP: 21/21 MP: 3/3
   413 | D:1      | Reached skill level 5 in Ranged Weapons
   943 | D:2      | Reached XP level 4. HP: 26/26 MP: 4/4
   950 | D:2      | You fall into a shaft and drop 1 floor!
  1018 | D:3      | Found a glowing silver altar of Zin.
  1181 | D:2      | Found a faded altar of an unknown god.
  1687 | D:3      | Reached skill level 6 in Ranged Weapons
  1687 | D:3      | Reached XP level 5. HP: 17/30 MP: 2/5
  2295 | D:4      | Identified a scroll of acquirement
  2295 | D:4      | Acquired 393 gold pieces
  2300 | D:4      | Found a radiant altar of Vehumet.
  2314 | D:4      | Found a sand-covered staircase.
  2335 | Ossuary  | Entered an ossuary
  2542 | Ossuary  | Reached skill level 7 in Ranged Weapons
  2613 | Ossuary  | Reached XP level 6. HP: 33/35 MP: 4/6
  3310 | D:4      | Found a staircase to the Ecumenical Temple.
  3411 | Temple   | Entered the Ecumenical Temple
  3411 | Temple   | Found a transporter.
  3411 | Temple   | Found a transporter.
  3413 | Temple   | Found a transporter.
  3413 | Temple   | Found a transporter.
  3553 | D:4      | Found an opulent altar of Gozag.
  3669 | D:4      | Reached skill level 8 in Ranged Weapons
  3700 | D:4      | Reached XP level 7. HP: 38/40 MP: 5/7
  3809 | D:5      | Entered Level 5 of the Dungeon
  3814 | D:5      | Upgraded the game from 0.29-a0-857-g9b1aa3ac5b to
                  | 0.29-a0-870-g2c972031a6
  4245 | D:5      | Reached skill level 9 in Ranged Weapons
  4837 | D:5      | Found an iron altar of Okawaru.
  4871 | D:5      | Became a worshipper of Warmaster Okawaru
  4976 | D:5      | Reached XP level 8. HP: 42/44 MP: 8/8
  5006 | D:6      | Reached skill level 10 in Ranged Weapons
  5264 | D:6      | Identified the ring of Ethics {Will+ SInv}
  5291 | D:6      | Found a hide-covered altar of Uskayaw.
  5315 | D:6      | Found a hazy altar of Hepliaklqana.
  5328 | D:6      | Reached * piety under Okawaru
  5567 | D:6      | Reached skill level 11 in Ranged Weapons
  6050 | D:6      | Reached XP level 9. HP: 40/48 MP: 9/9
  6113 | D:6      | Found an ancient bone altar of Kikubaaqudgha.
  6172 | D:6      | Reached skill level 12 in Ranged Weapons
  6211 | D:6      | Reached ** piety under Okawaru
  6358 | D:6      | Acquired a +4 vorpal shortbow
  6449 | D:7      | Found a flagged portal.
  6457 | Bailey   | Entered a bailey
  6609 | Bailey   | Reached skill level 13 in Ranged Weapons
  6645 | Bailey   | HP: 2/72 [human/+1 vorpal hand axe (4)]
  6646 | Bailey   | Slain by a human

Illustrated notes

Levels and vault maps discovered:
D:1:      dpeg_arrival_another_circle, layout_basic
D:2:      layout_basic, ebering_ecumenical_altar_webs
D:3:      layout_loops_cross, general_overflow_altar
D:4:      layout_rooms, fiery_altar_vehumet, kennysheep_mini, temple_hall,
          nicolae_ossuary_entry_false_entrances, minmay_misc_feat_alley
D:5:      layout_cave_pods, kennysheep_okawaru_gauntlet,
          nicolae_underground_beach
D:6:      layout_basic, lemuel_mausoleum_altar_kikubaaqudgha,
          lemuel_doored_altar, nicolae_uskayaw_suspiria
D:7:      layout_loops_ring, mainiacjoe_overflow_brackets,
          cheibrodos_worm_habitat, grunt_temple_overflow_open, enter_bailey_2
Temple:   hellmonk_temple_divided_pantheon
Bailey:   bailey_axe_froggy_fort_hellmonk, bailey

Skill      XL: |  1  2  3  4  5  6  7  8  9 |
---------------+----------------------------+-----
Ranged Weapons | 5 6 7 8 9 11 13 | 13.3
Fighting       | |  2.1
Dodging        | |  1.5
Stealth        | |  1.1

Action                   |  1- 3 |  4- 6 |  7- 9 || total
-------------------------+-------+-------+-------++-------
Melee: Unarmed           |       |       |    14 ||    14
 Fire: Shortbow          |   100 |   272 |   398 ||   770
Invok: Heroism           |       |       |     2 ||     2
  Use: Scroll            |       |    11 |    11 ||    22
       Potion            |       |       |     7 ||     7
Armor: Leather armour    |    42 |    62 |    97 ||   201
       Skin              |       |       |    19 ||    19
Dodge: Dodged            |    31 |   105 |   155 ||   291

Table legend: (Time is in decaauts)
 A = Elapsed time spent in this place.
 B = Non-inter-level travel time spent in this place.
 C = Inter-level travel time spent in this place.
 D = Time resting spent in this place.
 E = Time spent auto-exploring this place.
 F = Levels seen in this place.
 G = Mean time per level.
                   A        B        C        D        E       F      G
               +--------+--------+--------+--------+--------+-----+--------+
         Total |   6722 |   6381 |    341 |   1534 |   3557 |  10 |  672.2 |
       Dungeon |   5992 |   5662 |    330 |   1142 |   3459 |   7 |  856.0 |
        Temple |     38 |     28 |     10 |      0 |      6 |   1 |   38.0 |
       Ossuary |    507 |    507 |      0 |    281 |     90 |   1 |  507.0 |
        Bailey |    183 |    183 |      0 |    111 |      2 |   1 |  183.0 |
               +--------+--------+--------+--------+--------+-----+--------+

Top non-repeatable levels by time:
     D:6: 1367 daAuts
     D:5: 1214 daAuts
     D:4: 974 daAuts
     D:3: 846 daAuts
     D:1: 812 daAuts
     D:2: 711 daAuts
 Ossuary: 507 daAuts
  Bailey: 183 daAuts
     D:7: 66 daAuts
  Temple: 38 daAuts
